 Dungeon Crawl Stone Soup version 0.28.0-62-gf88900778d (webtiles) character file.

Game seed: 4311558461259574243

205 cbfl8 the Chopper (level 5, -1/47 HPs)
             Began as a Hill Orc Fighter on May 27, 2023.
             Succumbed to Robin's poison
             ... on level 2 of the Dungeon.
             The game lasted 00:01:26 (1804 turns).

cbfl8 the Chopper (Hill Orc Fighter)                Turns: 1804, Time: 00:01:27

Health: -1/47      AC:  7    Str: 19    XL:     5   Next: 83%
Magic:  5/5        EV:  9    Int:  8    God:
Gold:   41         SH:  4    Dex: 12    Spells: 4/4 levels left

rFire   . . .      SeeInvis .   a - +0 war axe
rCold   . . .      Faith    .   c - +0 buckler
rNeg    . . .      Spirit   .   b - +0 scale mail
rPois   .          Reflect  .   (no helmet)
rElec   .          Harm     .   (no cloak)
rCorr   .          Rampage  .   (no gloves)
Will    .....                   (no boots)
Stlth   ..........              (no amulet)
HPRegen 0.15/turn               (no ring)
MPRegen 0.09/turn               (no ring)

@: lethally poisoned (-1 -> -32)
A: no striking features
a: no special abilities


You were on level 2 of the Dungeon.
You visited 1 branch of the dungeon, and saw 2 of its levels.

You collected 41 gold pieces.

Inventory:

Hand Weapons
 a - a +0 war axe (weapon)
Armour
 b - a +0 scale mail (worn)
 c - a +0 buckler (worn)
Scrolls
 e - a scroll of noise {unknown}
 g - a scroll of teleportation {unknown}
Potions
 f - 2 potions of lignification {unknown}
 h - a potion of curing {unknown}
 i - a potion of berserk rage {unknown}


   Skills:
 + Level 4.4 Fighting
 + Level 5.0 Axes
 + Level 4.3 Armour
 + Level 0.2 Dodging
 + Level 0.3 Stealth
 + Level 3.5 Shields
 * Level 2.1 Evocations


You had 4 spell levels left.
You didn't know any spells.
Your spell library was empty.

Dungeon Overview and Level Annotations

Branches:
Dungeon (2/15)

Altars:


Message History

The goblin is severely wounded.
You slash the goblin!
You kill the goblin!
You hit Robin but do no damage.
You feel very sick. The goblin barely misses you. Robin barely misses you.
The goblin barely misses you.
You slash the goblin!
You kill the goblin!
You closely miss Robin.
You feel very sick.
Robin drinks a potion.
Robin flickers and vanishes!
Deactivating autopickup; reactivate with Ctrl-A.
Your Axes skill increases to level 5!
No target in view!
Unknown command.
No target in view!
Unknown command.
No target in view!
You slash something!
You feel sick. Something hits you. Something hits you but does no damage.
You are more poisoned.
You barely miss something.
You feel very sick. Something hits you.
You are more poisoned.
You hit something but do no damage.
You feel very sick. Something hits you but does no damage.
You are lethally poisoned!
You hit something but do no damage.
* * * LOW HITPOINT WARNING * * *
You feel very sick. Something hits you.
* * * LOW HITPOINT WARNING * * *
You are more poisoned.
You slash something!
Reactivating autopickup.
You feel a bit more experienced.
You die...

#.# #... #.###### ###.
##########...÷..# #.
#.............#.# #.
#........####.#.#######.
#........####.#.##......
#..........##...÷g.g÷.g.
#.....)..#.##..g##......
#.....)@)#.##...#####.##
#.<.............# #.#
##########......# #.#
#.###.## #.# #.. ..#
#.## #.##### #... ..#
#### ### #


There were no monsters in sight!

Vanquished Creatures
  Sigmund (D:2)
  Robin (D:2)
  An adder (D:2)
  5 ball pythons
  7 endoplasms
  3 giant cockroaches
  10 goblins
  5 hobgoblins
  2 jackals (D:1)
  2 bats
  4 frilled lizards
  2 rats
43 creatures vanquished.

Vanquished Creatures (others)
  6 plants (D:1)
6 creatures vanquished.

Grand Total: 49 creatures vanquished

Notes
Turn   | Place    | Note
-------+----------+-------------------------------------------
     0 | D:1      | cbfl8 the Hill Orc Fighter began the quest for the Orb.
     0 | D:1      | Reached XP level 1. HP: 19/19 MP: 1/1
   327 | D:1      | Reached XP level 2. HP: 26/27 MP: 2/2
   596 | D:1      | Reached skill level 1 in Evocations
   775 | D:1      | Reached skill level 3 in Axes
   798 | D:1      | Reached XP level 3. HP: 27/33 MP: 3/3
  1038 | D:1      | Found a faded altar of an unknown god.
  1620 | D:2      | Noticed Sigmund
  1628 | D:2      | Killed Sigmund
  1629 | D:2      | Reached skill level 4 in Axes
  1629 | D:2      | Reached XP level 4. HP: 34/41 MP: 4/4
  1629 | D:2      | Reached XP level 5. HP: 39/47 MP: 5/5
  1637 | D:2      | Noticed Robin
  1800 | D:2      | Reached skill level 5 in Axes
  1804 | D:2      | Killed Robin
  1804 | D:2      | Succumbed to Robin's poison

Illustrated notes

Levels and vault maps discovered:
D:1:      scummos_arrival_simple_crosswalls, layout_loops_corners,
          shapermc_ecumenical_altar_notcrosses, kennysheep_boxes
D:2:      layout_loops_cross, uniq_robin, uniq_sigmund

Skill      XL: |  1  2  3  4  5 |
---------------+----------------+-----
Fighting       | 4 |  4.4
Evocations     | 1 2 |  2.1
Axes           | 3 4 5 |  5.0
Armour         | 4 |  4.3
Dodging        | |  0.2
Stealth        | |  0.3
Shields        | |  3.5

Action                   |  1- 3 |  4- 6 || total
-------------------------+-------+-------++-------
Melee: War axe           |    71 |    27 ||    98
  Use: Potion            |     1 |       ||     1
Armor: Scale mail        |    23 |    23 ||    46
Dodge: Dodged            |    34 |    13 ||    47
Block: Buckler           |    12 |     7 ||    19
